 Dungeon Crawl Stone Soup version 0.24-a0-25-g8489be9 (webtiles) character file.

Game seed: 999964751693652285

13981 JeffiDaFish the Thaumaturge (level 11, -3/56 HPs)
             Began as a Deep Elf Fire Elementalist on Feb 2, 2019.
             Was a High Priest of Sif Muna.
             Slain by a crocodile (9 damage)
             ... on level 1 of the Lair of Beasts.
             The game lasted 00:31:36 (13317 turns).

JeffiDaFish the Thaumaturge (DEFE)                 Turns: 13317, Time: 00:31:37

Health: -3/56      AC: 10    Str:  9    XL:     11   Next: 82%
Magic:  7/31       EV: 16    Int: 23    God:    Sif Muna [*****.]
Gold:   495        SH:  5    Dex: 15    Spells: 20/38 levels left

rFire    + . .     SeeInvis .   d - +12 scimitar "Embalmer" {slice, +Fly rElec Str+3}
rCold    . . .     Gourm    .   u - +0 buckler
rNeg     . . .     Faith    .   e - +1 robe
rPois    .         Spirit   .   (no helmet)
rElec    +         Reflect  .   h - +0 cloak
rCorr    .         Harm     .   (no gloves)
MR       +....                  f - +0 pair of boots
Stlth    +++.......             a - amulet of magic regeneration
HPRegen  0.18/turn              q - +5 ring of protection
MPRegen  0.47/turn              p - ring of protection from fire

@: divine energy
A: no striking features
a: Stop Divine Energy, Channel Magic, Forget Spell, Renounce Religion, Evoke
Flight


You were on level 1 of the Lair of Beasts.
You worshipped Sif Muna.
Sif Muna was extremely pleased with you.
You were hungry.

You visited 3 branches of the dungeon, and saw 13 of its levels.

You collected 649 gold pieces.
You spent 154 gold pieces at shops.

Inventory:

Hand Weapons
 d - the +12 scimitar "Embalmer" (weapon) {slice, +Fly rElec Str+3}
   (You found it on level 5 of the Dungeon)

   It inflicts extra damage upon your enemies.
   It affects your strength (+3).
   It insulates you from electricity.
   It lets you fly.
 r - a +2 dagger of holy wrath
Armour
 e - a +1 robe (worn)
 f - a +0 pair of boots (worn)
 h - a +0 cloak (worn)
 u - a +0 buckler (worn)
 z - the +3 hat of Pondering {ponderous, MR+ MP+10 Int+5}
   (You took it off Gastronok on level 11 of the Dungeon)

   It affects your intelligence (+5).
   It affects your resistance to hostile enchantments.
   It affects your magic capacity (+10).
Jewellery
 a - an amulet of magic regeneration (around neck)
 p - a ring of protection from fire (right hand)
 q - a +5 ring of protection (left hand)
 B - an uncursed amulet of the acrobat
Wands
 t - a wand of paralysis (8)
 y - a wand of flame (18)
 A - a wand of random effects (19)
Scrolls
 g - a scroll of fog
 k - 2 scrolls of enchant armour
 m - 9 scrolls of remove curse
 s - a scroll of magic mapping
 v - 2 scrolls of amnesia
 w - a scroll of identify
Potions
 b - 2 potions of flight
 i - 2 potions of resistance
 j - 8 potions of curing
 n - 2 potions of magic
 o - 2 potions of heal wounds
 x - 2 potions of might
Comestibles
 c - 20 rations


   Skills:
 - Level 1.0 Fighting
 - Level 1.5 Short Blades
 - Level 6.0 Dodging
 - Level 4.1 Stealth
 - Level 4.0 Shields
 - Level 0.6 Unarmed Combat
 * Level 14.0 Spellcasting
 + Level 9.1 Conjurations
 * Level 12.3 Fire Magic


You had 20 spell levels left.
You knew the following spells:

 Your Spells              Type           Power        Failure   Level  Hunger
a - Flame Tongue          Conj/Fire      #####        1%          1    None
b - Conjure Flame         Conj/Fire      ######..     1%          3    None
c - Sticky Flame          Conj/Fire      ######..     1%          4    None
d - Fireball              Conj/Fire      ######....   1%          5    ###....
e - Bolt of Magma         Conj/Fire/Erth #####.....   5%          5    ###....

Your spell library contained the following spells:

 Spells                   Type           Power        Failure   Level  Hunger
 Magic Dart               Conj           ####         1%          1    None
 Shock                    Conj/Air       ####         1%          1    None
 Searing Ray              Conj           ######       1%          2    None
 Throw Flame              Conj/Fire      ######       1%          2    None
 Dazzling Spray           Conj/Hex       #####.       1%          3    None
 Inner Flame              Hex/Fire       #####...     1%          3    None
 Stone Arrow              Conj/Erth      #####.       1%          3    None
 Iskenderun's Mystic Bla  Conj           ######..     1%          4    None
 Animate Skeleton         Necr           N/A          3%          1    None
 Pain                     Necr           ###.         3%          1    None
 Mephitic Cloud           Conj/Pois/Air  ####....     3%          3    None
 Force Lance              Conj/Tloc      #####...     5%          4    None
 Fulminant Prism          Conj/Hex       #####.....   5%          4    None
 Regeneration             Chrm/Necr      ###.......   11%         3    None
 Vampiric Draining        Necr           ###.......   11%         3    None
 Iskenderun's Battlesphe  Conj/Chrm      #####...     16%         5    ###....
 Venom Bolt               Conj/Pois      #####.....   16%         5    ###....
 Animate Dead             Necr           N/A          36%         4    None
 Orb of Destruction       Conj           ######....   58%         7    ######.
 Iron Shot                Conj/Erth      #####.....   65%         6    #####..
 Poison Arrow             Conj/Pois      #####.....   65%         6    #####..
 Spellforged Servitor     Conj/Summ      #####.....   99%         7    ######.


Dungeon Overview and Level Annotations

Branches:
Dungeon (11/15)            Temple (1/1) D:4            Lair (1/6) D:11
    Orc (0/2) D:11

Altars:
Ashenzari
Cheibriados
Dithmenos
Elyvilon
Fedhas
Gozag
Hepliaklqana
Kikubaaqudgha
Makhleb
Okawaru
Qazlal
Ru
Sif Muna
Trog
Uskayaw
Vehumet
Wu Jian
Xom
Yredelemnul
Zin
The Shining One

Shops:
D:5 !


Message History

Sif Muna accepts your kill.
Casting: Bolt of Magma (safe; 5% risk of failure)
Confirm with . or Enter, or press ? or * to list all spells.
Aiming: Sticky Flame (safe; 1% risk of failure)
Press: ? - help, Shift-Dir - straight line, f - crocodile
Aim: a crocodile (water)
The sticky flame hits the crocodile.
The crocodile is moderately wounded.
The crocodile is covered in liquid flames!
The flames covering the crocodile go out.
The crocodile stops burning.
The crocodile is engulfed in a cloud of scalding steam.
The crocodile bites you!
* * * LOW HITPOINT WARNING * * *
The crocodile is engulfed in a cloud of scalding steam.
The crocodile bites you.
* * * LOW HITPOINT WARNING * * *
The crocodile is engulfed in a cloud of scalding steam.
The crocodile bites you!
You die...

........# #..#
........# #..##
#.#######
##...## ###
#..#..#
##.#≈.##
#P..≈..#
##P.≈≈.##
####≈≈.# #≈@≈#
##t.## #≈≈t##
##≈≈§## #.t≈≈#
#.....†.≈≈≈r#
.........≈.....
...............
...............


You could see 3 crocodiles.

Vanquished Creatures
  Gastronok (D:11)
  2 two-headed ogres
  An unseen horror (D:10)
  Pikel (D:5)
  A komodo dragon (Lair:1)
  A rime drake (Lair:1)
  2 trolls (D:11)
  A hippogriff (D:10)
  13 yaks
  Sigmund (D:4)
  Eustachio (D:4)
  2 wraiths
  A hungry ghost (D:8)
  Menkaure (D:5)
  2 water moccasins
  5 sky beasts
  A slave (D:5)
  A black bear (D:9)
  A phantom (D:7)
  3 ice beasts
  6 orc warriors
  An eye of draining (D:10)
  4 ogres
  2 necrophages
  8 centaurs
  A big kobold (D:11)
  6 bullfrogs
  2 elf zombies (D:7)
  An elf skeleton (D:7)
  3 scorpions
  8 killer bees
  10 wights
  3 howler monkeys
  7 crimson imps
  A bullfrog zombie (D:11)
  2 hounds (D:5)
  A quasit (D:10)
  A human zombie (D:7)
  5 orc priests
  2 bullfrog skeletons
  6 jellies
  8 orc wizards
  An iron imp (D:8)
  Natasha (thrice) (D:2)
  3 iguanas
  2 human skeletons (D:7)
  7 worker ants
  An ogre skeleton (D:7)
  A worker ant zombie (D:5)
  6 gnolls
  14 adders
  A shadow imp (D:11)
  7 oozes
  A dart slug (D:1)
  A worm (D:4)
  5 leopard geckos
  25 orcs
  6 goblins
  8 hobgoblins
  23 jackals
  15 kobolds
  2 quokkas
  2 ball pythons
  6 bats
  3 frilled lizards
  4 giant cockroaches
  2 orc zombies (D:7)
  A quokka skeleton (D:9)
  9 rats
289 creatures vanquished.

Vanquished Creatures (others)
  An ogre (D:5)
1 creature vanquished.

Grand Total: 290 creatures vanquished

Notes
Turn   | Place    | Note
-------+----------+-------------------------------------------
     0 | D:1      | JeffiDaFish the Deep Elf Fire Elementalist began the quest
                  | for the Orb.
     0 | D:1      | Reached XP level 1. HP: 10/10 MP: 6/6
   184 | D:1      | Reached XP level 2. HP: 15/15 MP: 8/8
   917 | D:1      | Reached XP level 3. HP: 19/19 MP: 1/9
  1759 | D:2      | Noticed Natasha
  1893 | D:2      | Learned a level 3 spell: Conjure Flame
  1901 | D:2      | Killed Natasha
  1901 | D:2      | Reached skill level 4 in Spellcasting
  1901 | D:2      | Reached XP level 4. HP: 22/24 MP: 8/12
  2138 | D:2      | Found an opulent altar of Gozag.
  2192 | D:2      | Noticed Natasha
  2201 | D:2      | Killed Natasha
  2243 | D:2      | Learned a level 4 spell: Sticky Flame
  2328 | D:2      | Reached XP level 5. HP: 3/28 MP: 2/13
  2830 | D:2      | Noticed Natasha
  2838 | D:2      | Killed Natasha
  3583 | D:3      | Noticed an ogre
  3594 | D:3      | Killed an ogre
  3594 | D:3      | Reached skill level 5 in Spellcasting
  3594 | D:3      | Reached skill level 5 in Fire Magic
  3594 | D:3      | Reached XP level 6. HP: 32/32 MP: 5/15
  3893 | D:3      | Found a glowing silver altar of Zin.
  3893 | D:3      | Found a white marble altar of Elyvilon.
  4182 | D:3      | Found a blossoming altar of Fedhas.
  4185 | D:3      | Found an iron altar of Okawaru.
  4188 | D:3      | Found an ornate altar of the Wu Jian Council.
  4231 | D:4      | Noticed Eustachio
  4237 | D:4      | Killed Eustachio
  4247 | D:4      | Reached skill level 6 in Spellcasting
  4566 | D:4      | Reached XP level 7. HP: 32/36 MP: 14/18
  5037 | D:4      | Noticed Sigmund
  5044 | D:4      | Killed Sigmund
  5044 | D:4      | Reached skill level 1 in Short Blades
  5239 | D:4      | Found a staircase to the Ecumenical Temple.
  5245 | Temple   | Entered the Ecumenical Temple
  5253 | Temple   | Became a worshipper of Sif Muna the Loreminder
  5748 | D:5      | Entered Level 5 of the Dungeon
  5756 | D:5      | Found Noav's Distillery.
  5765 | D:5      | Reached skill level 7 in Spellcasting
  5765 | D:5      | Reached XP level 8. HP: 35/42 MP: 12/20
  5804 | D:5      | Bought a potion of magic for 88 gold pieces
  5804 | D:5      | Bought 2 potions of curing for 66 gold pieces
  5825 | D:5      | Reached skill level 1 in Fighting
  5825 | D:5      | Reached skill level 5 in Conjurations
  6047 | D:5      | Found a shattered altar of Ashenzari.
  6086 | D:5      | Noticed Menkaure
  6105 | D:5      | Killed Menkaure
  6694 | D:5      | Identified the +12 scimitar "Embalmer" {slice, +Fly rElec
                  | Str+3} (You found it on level 5 of the Dungeon)
  6813 | D:5      | Noticed Pikel
  6821 | D:5      | Killed Pikel
  6821 | D:5      | Reached * piety under Sif Muna
  6821 | D:5      | Reached skill level 5 in Dodging
  6821 | D:5      | Reached skill level 8 in Spellcasting
  7023 | D:6      | Reached XP level 9. HP: 47/47 MP: 16/23
  7081 | D:6      | Reached skill level 9 in Spellcasting
  7570 | D:6      | Reached ** piety under Sif Muna
  7731 | D:6      | Found a bloodstained altar of Trog.
  7734 | D:6      | Found a sacrificial altar of Ru.
  7740 | D:6      | Found a shimmering altar of Xom.
  8647 | D:7      | Learned a level 5 spell: Fireball
  8653 | D:7      | Learned a level 5 spell: Bolt of Magma
  8681 | D:7      | Reached skill level 10 in Spellcasting
  8695 | D:7      | Reached skill level 1 in Shields
  8856 | D:7      | Found an ancient bone altar of Kikubaaqudgha.
  9179 | D:8      | Found a snail-covered altar of Cheibriados.
  9379 | D:8      | Noticed a two-headed ogre
  9383 | D:8      | Killed a two-headed ogre
  9383 | D:8      | Reached *** piety under Sif Muna
  9383 | D:8      | Reached XP level 10. HP: 52/52 MP: 6/26
  9391 | D:8      | Reached skill level 11 in Spellcasting
  9745 | D:9      | Noticed a two-headed ogre
  9838 | D:9      | Killed a two-headed ogre
  9838 | D:9      | Reached skill level 10 in Fire Magic
 10076 | D:9      | Reached **** piety under Sif Muna
 10217 | D:9      | Reached skill level 12 in Spellcasting
 10603 | D:10     | Entered Level 10 of the Dungeon
 10738 | D:10     | Reached XP level 11. HP: 56/56 MP: 18/29
 11495 | D:10     | Noticed an unseen horror
 11498 | D:10     | Killed an unseen horror
 11937 | D:11     | Reached skill level 13 in Spellcasting
 11963 | D:10     | Reached ***** piety under Sif Muna
 12141 | D:11     | Identified Sif Muna's Catalogue of Confrontation (Sif Muna
                  | gifted it to you on level 11 of the Dungeon)
 12141 | D:11     | Received a gift from Sif Muna
 12215 | D:11     | Noticed Gastronok
 12263 | D:11     | Killed Gastronok
 12973 | D:11     | Found a shadowy altar of Dithmenos.
 13021 | D:11     | Found a staircase to the Lair.
 13175 | D:11     | Found a staircase to the Orcish Mines.
 13232 | Lair:1   | Entered Level 1 of the Lair of Beasts
 13312 | Lair:1   | Reached skill level 14 in Spellcasting
 13317 | Lair:1   | Slain by a crocodile

Vault maps used:
D:1:      eino_arrival_druids_welcome
D:2:      nicolae_overflow_hidden_temple, uniq_natasha
D:3:      grunt_temple_overflow_diamond, gammafunk_temple_overflow_elements,
          dk_noncrumbling_4, minmay_misc_feat_hallway
D:4:      minmay_temple_entry_fiery, uniq_eustachio, uniq_sigmund
D:5:      ashenzari_conservatory_becter, serial_shops, shop, first_ration,
          chequers_serial_rivers_marsh, uniq_menkaure, uniq_pikel
D:6:      minitemple
D:7:      lemuel_mausoleum_altar_kikubaaqudgha, grunt_ministairs_14
D:8:      slow_altar_1
D:9:      hangedman_little_slice_of_home
D:11:     lair_entry_dummy, david_orc_4,
          nicolae_dithmenos_through_a_glass_darkly, uniq_gastronok
Temple:   eino_temple_lava
Lair:1:   chequers_serial_rivers_small_a

Skill      XL: |  1  2  3  4  5  6  7  8  9 10 11 |
---------------+----------------------------------+-----
Fire Magic     | 4 5 6 7 9 10 12 | 12.3
Spellcasting   | 4 5 6 7 8 10 12 14 | 14.0
Conjurations   | 2 3 4 5 7 8 9 |  9.1
Dodging        | 3 5 6 |  6.0
Stealth        | 3 4 |  4.1
Short Blades   | 1 |  1.5
Fighting       | 1 |  1.0
Shields        | 2 3 4 |  4.0
Unarmed Combat | |  0.6

Action                   |  1- 3 |  4- 6 |  7- 9 | 10-12 || total
-------------------------+-------+-------+-------+-------++-------
Melee: Dagger            |    21 |    12 |    77 |       ||   110
       Unarmed           |       |     7 |       |       ||     7
       Scimitar          |       |       |   139 |    99 ||   238
 Cast: Flame Tongue      |    46 |    92 |    60 |    24 ||   222
       Conjure Flame     |       |     2 |     1 |     1 ||     4
       Sticky Flame      |       |     3 |    17 |    39 ||    59
       Fireball          |       |       |     6 |    53 ||    59
       Bolt of Magma     |       |       |       |     1 ||     1
Invok: Divine Energy     |       |       |       |     1 ||     1
  Use: Scroll            |     3 |     4 |     6 |     4 ||    17
       Potion            |     4 |     3 |     2 |     1 ||    10
 Stab: Sleeping          |     1 |     1 |    10 |     1 ||    13
  Eat: Chunk             |     3 |     8 |    18 |    18 ||    47
Armor: Robe              |     8 |    11 |    72 |    39 ||   130
Dodge: Dodged            |    32 |    31 |   169 |   153 ||   385
Block: Buckler           |       |       |       |    35 ||    35
       Rpst.: Scimitar   |       |       |    26 |    45 ||    71

Table legend:
 A = Non-vault XP
 B = Vault XP
 C = Vault XP percentage of total XP
 D = Non-vault monster count
 E = Vault monster count
 F = Vault count percentage of total count
                 A         B        C        D         E       F
            +---------+---------+-------+---------+---------+-------
      Total |   14820 |    5154 |  25.8 |     249 |      40 |  13.8
            +---------+---------+-------+---------+---------+-------
        D:1 |      46 |       0 |   0.0 |      28 |       0 |   0.0
        D:2 |     161 |      37 |  18.7 |      18 |       1 |   5.3
        D:3 |     247 |       0 |   0.0 |      22 |       0 |   0.0
        D:4 |     482 |     411 |  46.0 |      18 |       2 |  10.0
        D:5 |     521 |     826 |  61.3 |      14 |       2 |  12.5
        D:6 |     945 |       0 |   0.0 |      28 |       0 |   0.0
        D:7 |     340 |     752 |  68.9 |       7 |      12 |  63.2
        D:8 |    1646 |      39 |   2.3 |      13 |       1 |   7.1
        D:9 |    3140 |     164 |   5.0 |      28 |       8 |  22.2
       D:10 |    3854 |       0 |   0.0 |      38 |       0 |   0.0
       D:11 |    2651 |    2925 |  52.5 |      32 |      14 |  30.4
     Lair:1 |     787 |       0 |   0.0 |       3 |       0 |   0.0
            +---------+---------+-------+---------+---------+-------
